 Dungeon Crawl Stone Soup version 0.22-a0-322-g60b3cfd (webtiles) character file.

161 grindst0ne the Charlatan (level 5, -3/41 HPs)
             Began as a Human Artificer on Apr 4, 2018.
             Killed from afar by Natasha (8 damage)
             ... with a magic dart
             ... on level 2 of the Dungeon.
             The game lasted 00:04:47 (2807 turns).

grindst0ne the Charlatan (Human Artificer)          Turns: 2807, Time: 00:04:48

Health: -3/41      AC:  9    Str: 13    XL:     5   Next: 70%
Magic:  8/8        EV:  6    Int: 12    God:
Gold:   126        SH:  0    Dex: 13    Spells: 4/4 levels left

rFire    . . .     SeeInvis .   m - +0 flail
rCold    . . .     Gourm    .   (no shield)
rNeg     . . .     Faith    .   y - +0 chain mail
rPois    .         Spirit   .   u - +0 helmet
rElec    .         Reflect  .   (no cloak)
rCorr    .         Harm     .   (no gloves)
MR       .....                  (no boots)
Stlth    ..........             (no amulet)
HPRegen  0.13/turn              (no ring)
MPRegen  0.11/turn              (no ring)

@: no status effects
A: no striking features
a: no special abilities


You were on level 2 of the Dungeon.
You were hungry.

You visited 1 branch of the dungeon, and saw 2 of its levels.

You collected 126 gold pieces.

Inventory:

Hand Weapons
 a - a +0 short sword
 m - a +0 flail (weapon)
 r - a +0 falchion
 t - a +0 spear of freezing
Armour
 b - a +0 leather armour
 u - a +0 helmet (worn)
 y - a +0 chain mail (worn)
 z - a +0 ring mail
Jewellery
 g - an uncursed ring of protection from magic {unknown}
 v - an uncursed ring of positive energy {unknown}
Wands
 d - a wand of enslavement (14)
 e - a wand of random effects (5)
Scrolls
 h - 2 scrolls of identify {unknown}
 i - 3 scrolls of enchant armour {unknown}
 j - a scroll of fog {unknown}
 l - 3 scrolls of remove curse {unknown}
 n - a scroll of enchant weapon {unknown}
 p - a scroll of amnesia {unknown}
 w - a scroll of immolation {unknown}
 x - a scroll of random uselessness {unknown}
Potions
 q - a potion of lignification {unknown}
 s - a potion of resistance {unknown}
Comestibles
 f - 5 rations


   Skills:
 + Level 3.6 Fighting
 - Level 1.0 Short Blades
 - Level 2.0 Dodging
 - Level 1.0 Stealth
 + Level 4.7 Evocations


You had 4 spell levels left.
You didn't know any spells.

Dungeon Overview and Level Annotations

Branches:
Dungeon (2/15)

Altars:

Annotations:
D:2 Natasha


Message History

Aim: Natasha (severely wounded, misshapen and mutated)
The puff of flame misses Natasha.
Natasha casts a spell.
Evoke which item? (* to show all) (? for menu, Esc to quit)
Aiming: Random Effects
Press: ? - help, Shift-Dir - straight line, f/p - Natasha
Aim: Natasha (severely wounded, misshapen and mutated) Natasha twists and deforms.
Natasha hisses.
Natasha claws you but does no damage. The white imp gestures at you.
The puff of frost hits you!
Evoke which item? (* to show all) (? for menu, Esc to quit)
Aiming: Random Effects
Press: ? - help, Shift-Dir - straight line, f/p - Natasha
Aim: Natasha (severely wounded, misshapen and mutated)
The bolt of poison misses Natasha.
Natasha stares at you and mumbles some strange words.
The magic dart hits you!
You die...

.#######..5.......#
######..... .#
######.#####
###......... .# #.#
#........... .# #.#
#.#.#####... .# #.#
#.#.# # .# #.#
#####.#.# .# #.#
#.....#.# .#
#.###5#####.# .#
#..h@....##.# ##
#####.##.##.# #
#.#.....# ###
#########.#..####
..#######.........#..#
#......##.#########..#
.)####.##.# #..# #.#
#.# #..# #.# #.# #..#


You could see Natasha and a white imp.

Vanquished Creatures
  Terence (D:2)
  Natasha (twice) (D:2)
  Robin (D:2)
  A gnoll (D:1)
  2 worms (D:2)
  3 dart slugs (D:1)
  2 leopard geckos (D:1)
  2 bats (D:2)
  3 giant cockroaches
  12 goblins
  9 hobgoblins
  4 kobolds (D:1)
  A ball python (D:2)
  3 frilled lizards (D:1)
  6 rats
52 creatures vanquished.

Notes
Turn   | Place    | Note
-------+----------+-------------------------------------------
     0 | D:1      | grindst0ne the Human Artificer began the quest for the Orb.
     0 | D:1      | Reached XP level 1. HP: 15/15 MP: 3/3
    89 | D:1      | Reached XP level 2. HP: 19/22 MP: 4/4
   127 | D:1      | HP: 1/22 [leopard gecko (4)]
   473 | D:1      | Reached XP level 3. HP: 20/27 MP: 5/5
  1511 | D:2      | Noticed Natasha
  1517 | D:2      | Killed Natasha
  1517 | D:2      | Reached skill level 4 in Evocations
  1517 | D:2      | Reached XP level 4. HP: 6/34 MP: 5/7
  2021 | D:2      | Noticed Robin
  2118 | D:2      | Killed Robin
  2118 | D:2      | Reached XP level 5. HP: 17/41 MP: 8/8
  2467 | D:2      | Noticed Natasha
  2476 | D:2      | Noticed Terence
  2481 | D:2      | Killed Natasha
  2516 | D:2      | Killed Terence
  2745 | D:2      | Noticed Natasha
  2766 | D:2      | HP: 1/41 [something (7)]
  2807 | D:2      | Killed from afar by Natasha

Vault maps used:
D:1:      giann_bridges
D:2:      uniq_robin, uniq_terence, uniq_natasha

Skill      XL: |  1  2  3  4 |
---------------+-------------+-----
Fighting       | 2 3 |  3.6
Evocations     | 4 |  4.7
Short Blades   | |  1.0
Dodging        | |  2.0
Stealth        | |  1.0

Action                   |  1- 3 |  4- 6 || total
-------------------------+-------+-------++-------
Melee: Short sword       |   110 |    29 ||   139
       Falchion          |       |    38 ||    38
       Spear             |       |    56 ||    56
       Flail             |       |     8 ||     8
Evoke: Wand              |     5 |    21 ||    26
  Use: Potion            |       |     2 ||     2
 Stab: Sleeping          |     1 |       ||     1
       Paralysed         |       |    18 ||    18
  Eat: Chunk             |     2 |     4 ||     6
Armor: Leather armour    |    19 |    20 ||    39
       Chain mail        |       |    13 ||    13
Dodge: Dodged            |    66 |    76 ||   142
       Rpst.: Falchion   |       |    12 ||    12

Table legend:
 A = Spawn XP
 B = Non-spawn XP
 C = Spawn XP percentage of total XP
 D = Spawn monster count
 E = Non-spawn monster count
 F = Spawn count percentage of total count
 G = Total turns spent on level
                    A         B        C        D         E        F      G
               +---------+---------+-------+---------+---------+-------+---------
         Total |       0 |     231 |   0.0 |       0 |      52 |   0.0 |  2807
               +---------+---------+-------+---------+---------+-------+---------
           D:1 |       0 |      57 |   0.0 |       0 |      21 |   0.0 |  1361
           D:2 |       0 |     174 |   0.0 |       0 |      31 |   0.0 |  1446
               +---------+---------+-------+---------+---------+-------+---------
